AoeStats
← Gregory176144

Arabia

510467182Analyzed
1v1 RM · 6h ago on Oct 1, 2026· 26m 18s· 2 players
Game mode
Random Map
Map size
Tiny (2 player)
Population
200
Speed
Normal
Resources
Standard
Victory
Conquest
Starting age
Dark Age
Ending age
Imperial Age
RankedLock teamsTeams togetherTeam positionsShared explorationLock speedFull tech treeHidden civsTurbo modeCheats
Victory
Defeat
🇦🇷 Vietnamese · Argentina
1348
+17
🇦🇷 Varangians · Argentina
1364
-17
Gregory176144
8:24 Feudal Age
8:52 Double-Bit Axe
8:48 Horse Collar
10:45 Wheelbarrow
14:32 Loom
17:59 Castle Age
18:57 Hand Cart
19:28 Bow Saw
19:18 Stone Mining
20:50 Stone Shaft Mining
22:52 Town Watch
maucame
6:16 Loom
9:04 Feudal Age
9:35 Double-Bit Axe
14:25 Fletching
22:14 Castle Age
23:09 Bodkin Arrow
Connection lost

Rejoining the realm…

Still unreachable

The connection could not be restored.

Session expired

The server has moved on; the page needs a fresh start.